AoeStats
← Cikolko.kenobi

Nomad

510102724Analyzed
2v2 RM · 2d ago on Sep 29, 2026· 47m 31s· 4 players
Game mode
Random Map
Map size
176×176
Population
200
Speed
Normal
Resources
Standard
Victory
Conquest
Starting age
Dark Age
Ending age
Imperial Age
RankedLock teamsTeams togetherTeam positionsShared explorationLock speedFull tech treeHidden civsTurbo modeCheats
Victory
Defeat
🇨🇳 Cumans · China
1073
+16
🇨🇳 Persians · China
1041
+18
🇨🇿 Shu · Czechia
1080
-17
🇸🇰 Italians · Slovakia
1080
-17
2288741
14:21 Feudal Age
15:00 Double-Bit Axe
16:22 Fishing Lines
17:57 Fletching
18:43 Loom
20:18 Gold Mining
21:13 Wheelbarrow
23:20 Castle Age
24:49 Gillnets
24:54 Horse Collar
25:26 Bow Saw
25:10 Stone Mining
26:05 Medium Warships
25:53 Bodkin Arrow
26:39 Stone Shaft Mining
26:24 Heavy Plow
31:38 Imperial Age
28:49 Crossbowman
30:30 Padded Archer Armor
30:41 Kamandaran
31:21 Hand Cart
31:27 Hand Cart
30:59 Town Watch
31:56 Ballistics
32:43 Conscription
33:39 Thumb Ring
34:50 Gold Shaft Mining
38:40 Town Patrol
43:31 Elite War Elephant
Noob_Forever
5:15 Loom
12:59 Feudal Age
14:24 Double-Bit Axe
15:22 Gold Mining
19:41 Man-at-Arms
21:15 Horse Collar
25:00 Scale Barding Armor
25:11 Forging
26:53 Bloodlines
31:06 Castle Age
32:08 Elite Skirmisher
32:56 Padded Archer Armor
32:47 Fletching
32:47 Elite Skirmisher
33:34 Thumb Ring
38:58 Wheelbarrow
38:54 Bow Saw
42:40 Heavy Plow
Cikolko.kenobi
4:30 Loom
5:47 Loom
6:39 Loom
12:36 Feudal Age
13:59 Town Watch
15:22 Forging
15:51 Scale Barding Armor
19:39 Castle Age
18:16 Fletching
19:03 Stone Mining
20:43 Gold Mining
27:08 Murder Holes
28:50 Horse Collar
29:49 Husbandry
30:24 Padded Archer Armor
32:30 Double-Bit Axe
33:00 Bodkin Arrow
34:34 Ballistics
34:20 Elite Skirmisher
38:44 Chain Barding Armor
obivan.kenobi
5:22 Loom
14:07 Feudal Age
15:50 Horse Collar
22:47 Castle Age
21:52 Scale Barding Armor
21:58 Forging
25:20 Husbandry
27:15 Double-Bit Axe
28:57 Forging
29:09 Heavy Plow
32:27 Chain Barding Armor
32:53 Scale Mail Armor
34:24 Bow Saw
34:32 Chain Mail Armor
36:00 Wheelbarrow
47:31 Imperial Age
47:31 Fortified Wall
Connection lost

Rejoining the realm…

Still unreachable

The connection could not be restored.

Session expired

The server has moved on; the page needs a fresh start.